 Dungeon Crawl Stone Soup version 0.27-a0-1312-g5cdb2b3542 (webtiles) character file.

Game seed: 301049141290555574

257 puppykicker the Vexing (level 6, -1/47 HPs)
             Began as a Formicid Arcane Marksman on June 20, 2021.
             Was a Follower of Nemelex Xobeh.
             Slain by a lemure (5 damage)
             ... led by Pikel
             ... on level 5 of the Dungeon.
             The game lasted 00:11:16 (5378 turns).

puppykicker the Vexing (Formicid Arcane Marksman)   Turns: 5378, Time: 00:11:16

Health: -1/47      AC:  6    Str: 16    XL:     6   Next: 39%
Magic:  8/8        EV: 11    Int: 13    God:    Nemelex Xobeh [*.....]
Gold:   112        SH:  0    Dex: 11    Spells: 2/8 levels left

rFire    . . .     SeeInvis +   b - +0 war axe
rCold    . . .     Faith    .   (no shield)
rNeg     + . .     Spirit   .   g - +0 ring mail
rPois    .         Reflect  .   (helmet unavailable)
rElec    .         Harm     .   (no cloak)
rCorr    .         Rampage  .   j - +0 pair of gloves
Will     .....                  (no boots)
Stlth    +.........             R - amulet of regeneration
HPRegen  1.15/turn              N - ring of positive energy {rN+}
MPRegen  0.11/turn              (no ring)

@: no status effects
A: permanent stasis, dig shafts and tunnels, antennae 3, four strong arms
a: Dig, Shaft Self, Renounce Religion, Draw Escape, Draw Destruction, Draw
Summoning


You were on level 5 of the Dungeon.
You worshipped Nemelex Xobeh.
Nemelex Xobeh was aware of your devotion.
You visited 1 branch of the dungeon, and saw 5 of its levels.

You collected 112 gold pieces.

Inventory:

Hand Weapons
 a - a +0 hand crossbow
 b - a +0 war axe (weapon)
Missiles
 l - 5 javelins (quivered)
 Q - 22 bolts
Armour
 e - a +0 scale mail
 g - a +0 ring mail (worn)
 j - a +0 pair of gloves (worn)
 n - the +0 leather armour "Xeidekk" {+Blink Int+3}
   (You found it on level 4 of the Dungeon)

   It affects your intelligence (+3).
   It lets you blink.
Magical Staves
 d - a staff of poison {rPois}
Jewellery
 G - an amulet of guardian spirit {Spirit}
 N - a ring of positive energy (left hand) {rN+}
 R - an amulet of regeneration (around neck)
Wands
 k - a wand of flame (13)
Scrolls
 f - a scroll of enchant armour {unknown}
 h - a scroll of silence {unknown}
 i - 3 scrolls of identify
 m - a scroll of noise {unknown}
Potions
 c - 2 potions of curing


   Skills:
 + Level 3.5 Fighting
 + Level 3.9 Crossbows
 + Level 1.5 Armour
 - Level 2.0 Dodging
 + Level 1.7 Spellcasting
 - Level 4.0 Hexes
 + Level 0.6 Translocations
 + Level 1.6 Invocations


You had 2 spell levels left.
You knew the following spells:

 Your Spells              Type           Power      Damage    Failure   Level
a - Corona                Hex            12%        N/A       9%          1
f - Portal Projectile     Hex/Tloc       14%        N/A       50%         3
s - Slow                  Hex            11%        N/A       14%         2

Your spell library contained the following spells:

 Spells                   Type           Power      Damage    Failure   Level
 Inner Flame              Hex/Fire       6%         N/A       54%         3
 Cause Fear               Hex            5%         N/A       65%         4
 Leda's Liquefaction      Hex/Erth       3%         N/A       91%         4


Dungeon Overview and Level Annotations

Branches:
Dungeon (5/15)
 Temple: D:4-7

Altars:
Fedhas
Nemelex Xobeh
Xom
The Shining One


Innate Abilities, Weirdness & Mutations

You cannot be hasted, slowed, berserked, paralysed or teleported.
You can dig through walls and to a lower floor.
You have a pair of large antennae on your head. (SInv)
Your four strong arms can wield two-handed weapons with a shield.


Message History

The orc closely misses you. The orc hits you but does no damage.
The orc priest mumbles some strange prayers to Beogh against you.
Pain shoots through your body!
You take 2 damage, and have 24/47 hp.
You barely miss the orc priest. You closely miss the orc.
You closely miss the lemure. You closely miss the orc. The lemure hits you.
* * * LOW HITPOINT WARNING * * *
The orc hits you with a +0 hand axe.
* * * LOW HITPOINT WARNING * * *
The orc hits you but does no damage. The orc priest barely misses you.
The lemure hits you!
* * * LOW HITPOINT WARNING * * *
The orc hits you but does no damage.
You take 12 damage, and have 12/47 hp.
MASSIVE DAMAGE!!
You are too injured to fight recklessly!
You are too injured to fight recklessly!
Unknown command.
You are too injured to fight recklessly!
You are too injured to fight recklessly!
Unknown command.
You are too injured to fight recklessly!
You barely miss the orc priest. You barely miss the orc.
You closely miss the lemure. You barely miss the orc.
The orc barely misses you.
The orc priest hits you with a +0 morningstar!
* * * LOW HITPOINT WARNING * * *
The lemure hits you.
* * * LOW HITPOINT WARNING * * *
The orc hits you with a +0 hand axe.
* * * LOW HITPOINT WARNING * * *
The orc hits you but does no damage. The orc priest barely misses you.
You take 10 damage, and have 2/47 hp.
MASSIVE DAMAGE!!
You hit the orc priest.
You kill the orc priest!
You hit the orc. You closely miss the lemure. You hit the orc.
The lemure hits you.
You die...
Your body disappears without a glow.

###########
..........##
...........##
............#
........<...#
......o.....#
#...)@<...#
#...o5.......#
#........###.#
#....#####
##.## b# #..
≈# ## { b #


You could see a lemure, 2 orcs and a bat.

Levels and vault maps discovered:
D:1:      nzn_arrival_settlement, layout_basic,
          shapermc_ecumenical_altar_flowoftime, dk_noncrumbling_3, st_stairs_2
D:2:      layout_loops_ring
D:3:      layout_loops_corners, grunt_temple_overflow_cloverleaf,
          chequers_serial_rivers_room_a
D:4:      layout_loops_corners, minmay_checkerbox
D:5:      layout_rooms, serial_aquarium, aquarium_bridge_long_joined
          [aquarium_subvault_window, aquarium_subvault_balcony,
          aquarium_subvault_window, aquarium_subvault_wall,
          aquarium_subvault_window, aquarium_subvault_bridge],
          aquarium_window_2, aquarium_window_corridor_1, aquarium_window_2,
          aquarium_view_4, aquarium_view_2c, aquarium_balcony_3a, uniq_pikel

Notes
Turn   | Place    | Note
-------+----------+-------------------------------------------
     0 | D:1      | puppykicker the Formicid Arcane Marksman began the quest
                  | for the Orb.
     0 | D:1      | Reached XP level 1. HP: 15/15 MP: 2/2
    15 | D:1      | Identified a +0 war axe
   137 | D:1      | Identified a +0 dagger
   145 | D:1      | Reached XP level 2. HP: 15/22 MP: 3/3
   147 | D:1      | HP: 4/22 [jackal (3)]
   147 | D:1      | HP: 1/22 [rat (3)]
   578 | D:1      | Reached skill level 2 in Fighting
   591 | D:1      | Identified a +0 scale mail
   622 | D:1      | Identified a +0 dagger
   626 | D:1      | Identified a +0 whip
   633 | D:1      | Reached XP level 3. HP: 19/27 MP: 4/4
   855 | D:1      | Identified a +0 club
  1125 | D:1      | Identified 2 scrolls of identify
  1125 | D:1      | Identified 2 scrolls of blinking
  1287 | D:1      | Found a faded altar of an unknown god.
  1373 | D:1      | Identified a +0 dagger
  1379 | D:1      | Reached skill level 3 in Crossbows
  1651 | D:2      | Identified a +0 club
  1651 | D:2      | Identified a +0 hunting sling
  1678 | D:2      | Identified a +0 hand crossbow
  1701 | D:2      | Identified a +0 chain mail
  1719 | D:2      | Identified a +0 club
  1721 | D:2      | Identified a +0 leather armour
  1798 | D:2      | Identified a +0 whip
  1855 | D:2      | Identified a +0 short sword
  2273 | D:2      | Identified a potion of curing
  2295 | D:2      | Identified a +0 hand axe
  2349 | D:2      | Reached XP level 4. HP: 27/34 MP: 5/5
  2352 | D:2      | Learned a level 2 spell: Slow
  2411 | D:2      | Identified a +0 dagger
  2499 | D:3      | Identified a +0 short sword
  2499 | D:3      | Identified a +0 whip
  2499 | D:3      | Identified a +0 leather armour
  2500 | D:3      | Identified a +0 flail
  2715 | D:3      | Reached skill level 3 in Fighting
  2724 | D:3      | Identified a +0 club
  3037 | D:3      | Found a shimmering altar of Xom.
  3073 | D:3      | Identified a +0 dagger
  3174 | D:3      | Found a sparkling altar of Nemelex Xobeh.
  3191 | D:3      | Found a blossoming altar of Fedhas.
  3197 | D:3      | Found a glowing golden altar of the Shining One.
  3201 | D:3      | Identified a +0 ring mail
  3212 | D:3      | Became a worshipper of Nemelex Xobeh the Trickster
  3521 | D:3      | Identified a +0 pair of gloves
  3633 | D:3      | Identified a +0 short sword
  3643 | D:3      | Identified a +0 dagger
  3647 | D:3      | Reached XP level 5. HP: 18/41 MP: 6/6
  3651 | D:3      | Learned a level 3 spell: Portal Projectile
  3859 | D:3      | Identified a +0 club
  4237 | D:4      | Identified the +0 leather armour "Xeidekk" {+Blink Int+3}
  4239 | D:4      | Identified a +0 club
  4240 | D:4      | Identified a +0 hand axe
  4249 | D:4      | Identified a +0 flail
  4276 | D:4      | Identified a +0 dagger
  4298 | D:4      | Identified a +0 hunting sling
  4307 | D:4      | Identified a ring of positive energy
  4338 | D:4      | Reached skill level 1 in Armour
  4341 | D:4      | Reached skill level 1 in Invocations
  4341 | D:4      | Identified a +1 dagger of holy wrath
  4483 | D:4      | Identified an amulet of regeneration
  4530 | D:4      | Identified a +1 short sword of speed
  4530 | D:4      | Identified a +0 scale mail
  4530 | D:4      | Identified a +0 short sword
  4530 | D:4      | Identified a +0 leather armour
  4532 | D:4      | Identified a +0 mace
  4532 | D:4      | Identified a +0 mace of draining
  4593 | D:4      | Identified a +0 mace
  4603 | D:4      | Identified a +0 mace
  4635 | D:4      | Identified an amulet of guardian spirit
  4790 | D:4      | Reached skill level 2 in Dodging
  4908 | D:4      | Reached * piety under Nemelex Xobeh
  4913 | D:4      | Reached XP level 6. HP: 43/43 MP: 8/8
  4955 | D:4      | Identified a +0 dagger
  4984 | D:4      | Identified a +0 club
  4984 | D:4      | Identified a +0 falchion
  4984 | D:4      | Identified a +0 ring mail
  4984 | D:4      | Identified a +0 short sword
  4984 | D:4      | Identified a +0 leather armour
  4986 | D:4      | Identified a +0 mace
  4987 | D:4      | Identified a +0 whip
  4987 | D:4      | Identified a +0 ring mail
  4989 | D:4      | Identified a +0 hand axe
  4989 | D:4      | Identified a +0 leather armour
  4996 | D:4      | HP: 11/45 [orc (2)]
  4997 | D:4      | Identified a potion of lignification
  4998 | D:4      | Identified a potion of flight
  5015 | D:4      | HP: 12/67 [orc priest/divine providence (7)]
  5018 | D:4      | Reached skill level 4 in Hexes
  5113 | D:4      | Identified a +0 club
  5113 | D:4      | Identified a +0 leather armour
  5113 | D:4      | Identified a +0 short sword
  5113 | D:4      | Identified a +0 leather armour
  5113 | D:4      | Identified a +0 hand axe
  5113 | D:4      | Identified a +0 flail
  5113 | D:4      | Identified a +0 short sword
  5113 | D:4      | Identified a +0 mace
  5345 | D:4      | Received a gift from Nemelex Xobeh
  5367 | D:5      | Entered Level 5 of the Dungeon
  5367 | D:5      | Identified a +0 hand axe
  5367 | D:5      | Identified a +0 leather armour
  5368 | D:5      | Identified a +0 morningstar
  5368 | D:5      | Identified a +0 dagger
  5377 | D:5      | HP: 7/47 [orc priest (7)]
  5377 | D:5      | HP: 2/47 [orc (4)]
  5378 | D:5      | Slain by a lemure

Table legend: (Time is in decaauts)
 A = Elapsed time spent in this place.
 B = Non-inter-level travel time spent in this place.
 C = Inter-level travel time spent in this place.
 D = Time resting spent in this place.
 E = Time spent auto-exploring this place.
 F = Levels seen in this place.
 G = Mean time per level.
                   A        B        C        D        E       F      G
               +--------+--------+--------+--------+--------+-----+--------+
         Total |   5532 |   5403 |    129 |   1748 |   2693 |   5 | 1106.4 |
       Dungeon |   5532 |   5403 |    129 |   1748 |   2693 |   5 | 1106.4 |
               +--------+--------+--------+--------+--------+-----+--------+

Top non-repeatable levels by time:
     D:3: 1735 daAuts
     D:1: 1609 daAuts
     D:4: 1224 daAuts
     D:2: 948 daAuts
     D:5: 15 daAuts

Table legend:
 A = Kills in this place as a percentage of kills in entire the game.
 B = Kills by you in this place as a percentage of kills by you in the entire game.
 C = Kills by friends in this place as a percentage of kills by friends in the entire game.
 D = Other kills in this place as a percentage of other kills in the entire game.
 E = Experience gained in this place as a percentage of experience gained in the entire game.
 F = Experience gained in this place divided by the number of levels of this place that you have seen.
                   A       B       C       D       E      F
               +-------+-------+-------+-------+-------+----------------------
         Total | 100.0 | 100.0 |   N/A |   N/A | 100.0 |  81.8
       Dungeon | 100.0 | 100.0 |   N/A |   N/A | 100.0 |  81.8
               +-------+-------+-------+-------+-------+----------------------

Skill      XL: |  1  2  3  4  5  6 |
---------------+-------------------+-----
Fighting       | 2 3 |  3.5
Crossbows      | 3 |  3.9
Armour         | 1 |  1.5
Invocations    | 1 |  1.6
Dodging        | 2 |  2.0
Hexes          | 4 |  4.0
Spellcasting   | |  1.7
Translocations | |  0.6

Action                   |  1- 3 |  4- 6 || total
-------------------------+-------+-------++-------
Melee: War axe           |   131 |   111 ||   242
 Fire: Hand crossbow     |       |   123 ||   123
  Use: Scroll            |     2 |       ||     2
       Potion            |       |     4 ||     4
Armor: Robe              |    24 |       ||    24
       Leather armour    |     9 |    38 ||    47
       Ring mail         |       |    50 ||    50
       Skin              |       |    42 ||    42
Dodge: Dodged            |   102 |   160 ||   262

Vanquished Creatures
  2 orc priests
  A hound (D:4)
  4 adders
  A white imp (D:5)
  2 adder skeletons (D:4)
  2 worms
  3 dart slugs
  22 orcs
  4 ball pythons
  7 endoplasms
  3 giant cockroaches
  10 hobgoblins
  11 jackals
  4 quokkas
  6 bats
  A frilled lizard (D:1)
  8 goblins
  7 kobolds
  7 rats
105 creatures vanquished.

Vanquished Creatures (others)
  8 fungi (D:5)
  11 plants (D:1)
  12 withered plants (D:1)
31 creatures vanquished.

Grand Total: 136 creatures vanquished
